 Dungeon Crawl Stone Soup version 0.31-a0-656-gb4d89c20fa (webtiles) character file.

Game seed: 10066574142602364358

3584 Aneyh the Carver (level 10, 0/54 HPs)
             Began as a Tengu Monk on Aug 30, 2023.
             Was a Priest of Hepliaklqana.
             Slain by an acid dragon (9 damage)
             ... on level 8 of the Dungeon.
             The game lasted 00:20:27 (6672 turns).

Aneyh the Carver (Tengu Monk)                       Turns: 6672, Time: 00:20:28

Health: 0/54       AC:  5    Str: 12    XL:     10   Next: 10%
Magic:  11/11      EV: 21    Int: 11    God:    Hepliaklqana [***...]
Gold:   338        SH:  0    Dex: 20    Spells: 7/9 levels left

rFire   . . .        a - +0 falchion
rCold   . . .        (no shield)
rNeg    . . .        m - +0 ring mail
rPois   .            i - +0 hat
rElec   .            P - +0 cloak
rCorr   .            y - +0 pair of gloves
SInv    .            (boots unavailable)
Will    .....        o - amulet of regeneration
Stlth   +            (no ring)
HPRegen 1.09/turn    (no ring)
MPRegen 0.12/turn

%: no passive effects
@: corroded, flying
A: reduced essence, beak, talons 3, nimble 2
a: Renounce Religion, Recall Ancestor, Ancestor Identity, Transference


You were on level 8 of the Dungeon.
You worshipped Hepliaklqana.
Hepliaklqana was most pleased with you.
You visited 2 branches of the dungeon, and saw 9 of its levels.

You collected 338 gold pieces.

Inventory:

Hand Weapons
 a - a +0 falchion (weapon)
 b - a +0 orcbow
 c - a +1 whip of electrocution
 j - a +0 trident
 p - a +5 mace of venom
 D - a +0 war axe
 J - a +0 halberd
 Q - a +0 war axe of flaming
Missiles
 r - 2 javelins
 A - 23 poisoned darts
 E - 8 boomerangs
Armour
 d - an orb of light
 i - a +0 hat (worn)
 m - a +0 ring mail (worn)
 y - a +0 pair of gloves (worn)
 P - a +0 cloak (worn)
Jewellery
 o - an amulet of regeneration (around neck)
 u - an amulet of guardian spirit
 C - an amulet of magic regeneration
Talismans
 f - a maw talisman
 L - a talisman of death
Wands
 z - a wand of iceblast (10)
Scrolls
 e - a scroll of fear
 k - a scroll of brand weapon {unknown}
 l - 2 scrolls of enchant weapon {unknown}
 n - 3 scrolls of identify {unknown}
 s - 3 scrolls of amnesia {unknown}
 B - a scroll of silence {unknown}
 F - a scroll of blinking {unknown}
 H - 4 scrolls of teleportation {unknown}
 I - 3 scrolls of revelation {unknown}
 O - a scroll of fog {unknown}
Potions
 g - 3 potions of curing {unknown}
 h - 2 potions of degeneration {unknown}
 q - 2 potions of haste {unknown}
 t - 2 potions of berserk rage {unknown}
 w - a potion of enlightenment {unknown}
 x - a potion of might {unknown}
 G - a potion of heal wounds {unknown}
 K - 2 potions of resistance {unknown}
 M - a potion of attraction {unknown}
 N - a potion of mutation {unknown}


   Skills:
 + Level 6.4 Fighting
 - Level 10.0 Long Blades
 * Level 4.5 Ranged Weapons
 - Level 7.0 Armour
 + Level 6.4 Dodging
 - Level 3.0 Summonings


You had 7 spell levels left.
You knew the following spells:

 Your Spells              Type           Power      Damage    Failure   Level
a - Call Imp              Summ           12%        N/A       30%         2

Your spell library contained the following spells:

 Spells                   Type           Power      Damage    Failure   Level
 Magic Dart               Conj           0%         1d3       56%         1
 Sting                    Tmut/Pois      0%         1d3       56%         1
 Poisonous Vapours        Pois/Air       0%         N/A       71%         2
 Frozen Ramparts          Ice            0%         1d1       91%         3
 Gell's Gravitas          Tloc           0%         N/A       91%         3
 Mephitic Cloud           Conj/Pois/Air  0%         N/A       91%         3
 Teleport Other           Tloc           0%         N/A       91%         3
 Olgreb's Toxic Radiance  Pois           0%         N/A       100%        4
 Petrify                  Tmut/Erth      0%         N/A       100%        4
 Metabolic Englaciation   Hex/Ice        0%         N/A       100%        5
 Dispersal                Tloc           0%         N/A       100%        6


Dungeon Overview and Level Annotations

Branches:
Dungeon (8/15)             Temple (1/1) D:4
   Lair: D:8-11

Altars:
Ashenzari
Cheibriados
Dithmenos
Elyvilon
Fedhas
Gozag
Hepliaklqana
Kikubaaqudgha
Makhleb
Nemelex Xobeh
Okawaru
Ru
Sif Muna
Trog
Uskayaw
Vehumet
Wu Jian
Xom
Yredelemnul
Zin
The Shining One

Annotations:
D:8 Maurice


Innate Abilities, Weirdness & Mutations

Your life essence is reduced to manifest your ancestor. (-10% HP)
You have a beak for a mouth.
You have claws for feet.
Your magical nature helps you fly and evade attacks. (EV +20% +4)


Message History

You are confused.
You feel invigorated. The acid dragon completely misses you.
The acid dragon misses you. The vampire closely misses you.
The vampire bites you.
* * * LOW HITPOINT WARNING * * *
The vampire draws strength from your injuries!
The acid dragon misses you. The acid dragon claws you.
* * * LOW HITPOINT WARNING * * *
Something picks up some gold.
You barely miss the acid dragon. You claw the acid dragon.
You peck the acid dragon, but do no damage.
The acid dragon is severely wounded.
You're too confused to move!
The acid dragon barely misses you. The acid dragon misses you.
The vampire completely misses you. The vampire bites you!
* * * LOW HITPOINT WARNING * * *
The vampire draws strength from your injuries!
The acid dragon closely misses you. The acid dragon claws you.
Something drops a +2 short sword of speed.
Something picks up a +0 orcbow.
The vampire attacks as it pursues you! The vampire completely misses you.
The vampire barely misses you.
You closely miss the acid dragon. You claw the acid dragon!
You peck the acid dragon, but do no damage.
The acid dragon is almost dead.
The acid dragon barely misses you. x2
Something picks up a +2 short sword of speed.
The vampire hits you!
* * * LOW HITPOINT WARNING * * *
The vampire completely misses you.
You bump into the rock wall.
The acid dragon bites you.
* * * LOW HITPOINT WARNING * * *
The acid dragon closely misses you. The vampire hits you!
* * * LOW HITPOINT WARNING * * *
The vampire misses you.
You closely miss the vampire. Your peck misses the vampire.
You punch the vampire, but do no damage.
You feel less invigorated.
You feel less confused. The acid dragon bites you!
You die...

###### ### #......##
...... ..# #...####
#..#. #.# #####
.....##.# ###########
#...#.######.........#
#..[...........#.##.#
##†.h##...(.#..#.##.#
#.#.V##.#........##.#
#y ##D@#...#.#..#.##.#
#. #.#....#.......##.##
#h
#..#.................
#.
#...#....#.##.##......
.
#.###...###.##)##......
... ....# #.##)##.#####
.# ##### #.##)##.#
#...)...# ####.####


You could see a vampire, a black bear and an acid dragon.

Vanquished Creatures
  Pikel (D:6)
  Grinder (D:4)
  Eustachio (D:4)
  A vampire mosquito (D:8)
  A water moccasin (D:5)
  An ice beast (D:6)
  2 orc warriors (D:8)
  A sky beast (D:7)
  2 centaurs
  2 phantoms
  4 bullfrogs
  2 scorpions
  3 howler monkeys
  3 orc priests
  A gnoll bouda (D:6)
  2 hounds
  A sleepcap (D:8)
  2 iguanas (D:6)
  4 orc wizards
  8 gnolls
  11 adders
  2 shadow imps
  A white imp (D:7)
  2 ufetubi
  2 worms (D:2)
  2 dart slugs
  13 orcs
  4 bats
  A bat zombie (D:6)
  7 endoplasms
  5 giant cockroaches
  6 goblins
  2 hobgoblins (D:1)
  15 kobolds
  4 quokkas
  3 ball pythons
  2 frilled lizards
  7 rats
132 creatures vanquished.

Vanquished Creatures (collateral kills)
  A water moccasin (D:8)
  A black bear (D:4)
  An ice beast (D:6)
  A phantom (D:5)
  A kobold brigand (D:7)
  2 scorpions (D:6)
  A howler monkey (D:4)
  2 hounds
  A jelly (D:7)
  An iguana (D:5)
  2 shadow imps (D:5)
  3 white imps (D:5)
  An ufetubus (D:5)
  A worm (D:4)
  4 orcs (D:7)
  A giant cockroach (D:4)
  A kobold (D:7)
25 creatures vanquished.

Vanquished Creatures (others)
  A knight (D:8)
1 creature vanquished.

Grand Total: 158 creatures vanquished

Notes
Turn   | Place    | Note
-------+----------+-------------------------------------------
     0 | D:1      | Aneyh the Tengu Monk began the quest for the Orb.
     0 | D:1      | Reached XP level 1. HP: 14/14 MP: 2/2
   211 | D:1      | Reached XP level 2. HP: 15/19 MP: 3/3
   221 | D:1      | Reached skill level 4 in Long Blades
   868 | D:2      | Reached XP level 3. HP: 18/23 MP: 4/4
  1169 | D:2      | Reached skill level 5 in Long Blades
  1383 | D:2      | Reached XP level 4. HP: 26/28 MP: 5/5
  1847 | D:4      | Noticed Grinder
  1847 | D:4      | Noticed a phantom
  1905 | D:2      | Reached skill level 6 in Long Blades
  1916 | D:2      | Reached XP level 5. HP: 22/32 MP: 6/6
  2156 | D:3      | Found a radiant altar of Vehumet.
  2156 | D:3      | Found a shimmering blue altar of Sif Muna.
  2338 | D:3      | Found an opulent altar of Gozag.
  2444 | D:3      | Learned a level 2 spell: Call Imp
  2993 | D:4      | Reached skill level 7 in Long Blades
  2993 | D:4      | Reached XP level 6. HP: 37/37 MP: 7/7
  2999 | D:4      | Reached skill level 1 in Summonings
  3163 | D:4      | Paralysed by Grinder for 4 turns
  3175 | D:4      | Killed Grinder
  3176 | D:4      | Reached skill level 8 in Long Blades
  3176 | D:4      | Gained mutation: Your magical nature helps you fly and
                  | evade attacks. (EV +20% +4) [Tengu growth]
  3176 | D:4      | Reached XP level 7. HP: 28/41 MP: 8/8
  3317 | D:4      | Reached skill level 9 in Long Blades
  3440 | D:4      | Found a staircase to the Ecumenical Temple.
  3465 | Temple   | Entered the Ecumenical Temple
  3477 | Temple   | Became a worshipper of Hepliaklqana the Forgotten
  3477 | Temple   | Reached * piety under Hepliaklqana
  3477 | Temple   | Reached ** piety under Hepliaklqana
  3478 | Temple   | Remembered your ancestor Ealdgyð as a knight
  3515 | D:4      | Noticed Eustachio
  3550 | D:4      | Killed Eustachio
  3559 | D:4      | Reached XP level 8. HP: 41/41 MP: 4/9
  4053 | D:4      | Reached skill level 10 in Long Blades
  4195 | D:5      | Entered Level 5 of the Dungeon
  4443 | D:5      | Reached skill level 1 in Armour
  5011 | D:6      | Noticed Pikel
  5027 | D:6      | Killed Pikel
  5028 | D:6      | Reached skill level 5 in Armour
  5028 | D:6      | Reached XP level 9. HP: 23/46 MP: 1/10
  5311 | D:6      | Reached *** piety under Hepliaklqana
  5562 | D:6      | Reached skill level 1 in Ranged Weapons
  5659 | D:6      | Reached skill level 5 in Fighting
  5659 | D:6      | Reached skill level 5 in Dodging
  5750 | D:6      | Found an ancient bone altar of Kikubaaqudgha.
  6017 | D:7      | Found a glowing golden altar of the Shining One.
  6600 | D:8      | Reached XP level 10. HP: 34/54 MP: 11/11
  6642 | D:8      | Noticed Maurice
  6672 | D:8      | Slain by an acid dragon

Illustrated notes

Levels and vault maps discovered:
D:1:      wander_arrival_fairy_ring, layout_basic, serial_aquarium,
          aquarium_bridge_island_small [aquarium_subvault_small_water,
          aquarium_subvault_bridge, aquarium_subvault_wall,
          aquarium_subvault_wall, aquarium_subvault_window],
          aquarium_window_corridor_1, aquarium_window_1, aquarium_window_1,
          aquarium_window_fake, aquarium_view_2b, aquarium_balcony_1b,
          aquarium_pool_double, chequers_garden, columned_hall_lemuel,
          minmay_misc_feat_more_columns, patterned_corridor
D:2:      layout_basic
D:3:      layout_basic, lemuel_doored_altar, gammafunk_temple_overflow_elements,
          kennysheep_potato
D:4:      layout_rooms, minmay_temple_entry_enclosed_plants, st_stairs_2,
          minmay_misc_feat_plants, uniq_eustachio, uniq_grinder
D:5:      layout_gridville, serial_demonic, serial_demonic_e, serial_demonic_b,
          serial_demonic_c, serial_demonic_g, serial_demonic_c, serial_demonic_c
D:6:      layout_loops_ring, lemuel_zombie_altar_kikubaaqudgha,
          minmay_pentangle, uniq_pikel, uniq_crazy_yiuf_cottage
D:7:      layout_rooms, mainiacjoe_overflow_paths
D:8:      layout_loops_cross, minmay_manual_mail, uniq_maurice
Temple:   nicolae_temple_bog_church

Skill      XL: |  1  2  3  4  5  6  7  8  9 |
---------------+----------------------------+-----
Long Blades    | 4 5 6 7 8 9 10 | 10.0
Summonings     | 2 3 |  3.0
Armour         | 5 7 |  7.0
Fighting       | 4 6 |  6.4
Dodging        | 4 6 |  6.4
Ranged Weapons | 4 |  4.5

Action                     |  1- 3 |  4- 6 |  7- 9 | 10-12 || total
---------------------------+-------+-------+-------+-------++-------
  Melee: Falchion          |    83 |   103 |   284 |    18 ||   488
         Kick              |    16 |    35 |   100 |     7 ||   158
         Peck              |    12 |    12 |    60 |     7 ||    91
         Trident           |       |       |    11 |       ||    11
         Punch             |       |       |     6 |     1 ||     7
         Halberd           |       |       |       |     6 ||     6
   Fire: Orcbow            |       |       |     3 |     4 ||     7
  Throw: Javelin           |       |     2 |       |       ||     2
   Cast: Call Imp          |       |       |    18 |     1 ||    19
 Invoke: Ancestor Life: Kn |       |       |     1 |       ||     1
         Ancestor Identity |       |       |     1 |       ||     1
    Use: Potion            |       |     1 |       |     1 ||     2
         Scroll            |       |       |       |     1 ||     1
   Stab: Sleeping          |       |     2 |       |       ||     2
         Distracted        |       |       |     2 |       ||     2
 Armour: Robe              |     6 |     2 |       |       ||     8
         Ring mail         |       |    13 |    38 |     6 ||    57
  Dodge: Dodged            |    68 |    88 |   214 |    52 ||   422

Table legend: (Time is in decaauts)
 A = Elapsed time spent in this place.
 B = Non-inter-level travel time spent in this place.
 C = Inter-level travel time spent in this place.
 D = Time resting spent in this place.
 E = Time spent auto-exploring this place.
 F = Levels seen in this place.
 G = Mean time per level.
                   A        B        C        D        E       F      G
               +--------+--------+--------+--------+--------+-----+--------+
         Total |   6625 |   6315 |    310 |    664 |   4390 |   9 |  736.1 |
       Dungeon |   6599 |   6300 |    299 |    664 |   4390 |   8 |  824.9 |
        Temple |     25 |     14 |     11 |      0 |      0 |   1 |   25.0 |
               +--------+--------+--------+--------+--------+-----+--------+

Top non-repeatable levels by time:
     D:3: 1364 daAuts
     D:4: 1101 daAuts
     D:1: 859 daAuts
     D:2: 845 daAuts
     D:5: 802 daAuts
     D:6: 747 daAuts
     D:8: 481 daAuts
     D:7: 397 daAuts
  Temple: 25 daAuts
